Cogmind - Beta 17 @@@ ROGUE MODE // 2026.08.11 @ 22:37:21 Player: Ev Result: Destroyed by I8-KR3(R) with Subdweller Beam Cannon Performance ------------- Evolutions (0) 0 Regions Visited (2) 400 Robots Destroyed (26) 130 Value Destroyed (494) 494 Prototype IDs (1) 20 Alien Tech Used (0) 0 Bonus (5250) 5250 TOTAL SCORE: 6294 Bonus ------- Prayed to X0-1V1 5000 Major X0-1V1 Interference 250 Cogmind --------- Core Integrity 0/250 Matter 225/300 Energy 250/250 System Corruption 1% Temperature Cool (97) Movement Hovering (360) Ox5 Location -10/Subcaves Parts ------- > --- POWER (1) -------- Ion Engine > --- PROPULSION (2) --- Hover Unit > --- UTILITY (2) ------ Large Storage Unit X0-1V1's Piety Tracker > --- WEAPON (2) ------- Beam Cannon Battle Cannon > --- INVENTORY (15) --- Subdweller Power Source Flight Unit Flight Unit Improved Heat Sink High-capacity Battery (250) Structural Scanner Sensor Array Improved Terrain Scanner Terrain Scan Processor Seismic Detector Utility Shielding Hacking Suite Hacking Suite Datajack Mining Claw Peak State ------------ > --- POWER ------------ Ion Engine > --- PROPULSION ------- Flight Unit Flight Unit > --- UTILITY ---------- Large Storage Unit X0-1V1's Piety Tracker > --- WEAPON ----------- Beam Cannon Battle Cannon > --- INVENTORY -------- Subdweller Power Source Hover Unit Hover Unit Improved Heat Sink High-capacity Battery Structural Scanner Sensor Array Improved Terrain Scanner Terrain Scan Processor Seismic Detector Utility Shielding Hacking Suite Hacking Suite Datajack Mining Claw [Rating: 22] Favorites ----------- Power Ion Engine Engine Ion Engine Power Core Light Nuclear Core Propulsion Flight Unit Leg Aluminum Leg Wheel Compact Wheel Hover Unit Hover Unit Flight Unit Flight Unit Utility Large Storage Unit Device X0-1V1's Piety Tracker Storage Large Storage Unit Processor Visual Processing Unit Weapon Assault Rifle Energy Gun Particle Gun Energy Cannon Beam Cannon Ballistic Gun Assault Rifle Ballistic Cannon Battle Cannon Slashing Weapon Mining Claw Special Melee Weapon Datajack Build | -11 -10 -10 ------- Run | Yrd Mat Sub Slots Evolved . | . . . Power . | . . . Propulsion . | . . . Utility . | . . . Weapon . | . . . Parts Attached 30 | 8 19 3 Power 4 | 1 3 . Engine 3 | 1 2 . Core 1 | . 1 . Reactor . | . . . Propulsion 12 | 2 9 1 Treads . | . . . Leg 4 | . 4 . Wheel 3 | 2 1 . Hover 2 | . 2 . Flight 3 | . 2 1 Utility 6 | 2 3 1 Device 2 | 1 . 1 Storage 2 | 1 1 . Processor 2 | . 2 . Hackware . | . . . Protection . | . . . Artifact . | . . . Weapon 8 | 3 4 1 Energy Gun 2 | 1 1 . Energy Cannon 1 | . 1 . Ballistic Gun 2 | 2 . . Ballistic Cannon 1 | . . 1 Launcher . | . . . Special Weapon . | . . . Impact Weapon . | . . . Slashing Weapon 1 | . 1 . Piercing Weapon . | . . . Special Melee Weapon 1 | . 1 . Unidentified Prototypes 1 | . . 1 Parts Lost 6 | . 5 1 Power 2 | . 2 . Propulsion 3 | . 2 1 Utility . | . . . Weapon 1 | . 1 . Highest Loss Streak 3 | . 3 1 To Critical Strikes . | . . . Average Backups 12 | 2 13 14 Power . | . . . Propulsion 1 | . 1 2 Utility 8 | . 8 10 Weapon 1 | . 1 . Tool/Special . | . . . Unused Backups 19 | 1 7 11 Power 2 | . 1 1 Propulsion 1 | 1 . . Utility 14 | . 4 10 Weapon 1 | . 1 . Tool/Special 1 | . 1 . Average Slot Usage (%) 99 | . 98 99 Engine 13 | . 12 14 Leg 7 | . 10 . Wheel 4 | . 5 . Hover 5 | . 7 . Flight 10 | . 4 26 Device 4 | . 1 14 Storage 14 | . 14 14 Processor 9 | . 12 . Energy Gun 6 | . 8 . Energy Cannon 6 | . 8 2 Ballistic Gun 7 | . 10 . Slashing Weapon 3 | . . 13 Special Melee Weapon 3 | . . 11 Peak Build Rating 22 | 7 11 22 Average Rating 12 | 6 10 21 On Entrance 6 | . 7 11 Avg Prop Armor Cover (%) . | . . . Naked Turns . | . . . Heaviest Build 32 | 15 31 32 Greatest Support 32 | 32 32 12 Greatest Overweight (x) 7 | . 7 3 Average Overweight (x) 1 | . 1 2 Largest Inventory Capacity 15 | 8 15 15 Average Capacity 14 | 7 14 15 Most Carried 15 | 5 15 15 Average Carried 12 | 2 13 14 Final Capacity 15 | 8 15 15 Final Carried 15 | 5 15 15 Class Distribution -------------------- 70% | Scavenger-Mutant 29% | Mutant Dominant Class ---------------- Scavenger-Mutant | -10/Materials Scavenger-Mutant | -10/Subcaves Resources | -11 -10 -10 ----------- Run | Yrd Mat Sub Matter Collected 991 | 394 557 40 Remotely 274 | 263 11 . Salvage Created 883 | 252 588 43 Parts 53 | 12 36 5 Haulers Intercepted . | . . . Recyclers Shooed 2 | 1 1 . Parts Field Recycled . | . . . Retrieved Matter . | . . . Parts Self-Destructed 5 | . . 5 Prevented . | . . . Parts Restored . | . . . Kills | -11 -10 -10 ------- Run | Yrd Mat Sub Combat Hostiles Destroyed 13 | . 10 3 Guns 6 | . 6 . Cannons 7 | . 4 3 Classes Destroyed 7 | 3 3 1 Worker 3 | 2 1 . Tunneler 5 | 5 . . Recycler 2 | 1 1 . Operator 2 | . 2 . Watcher 1 | . 1 . Swarmer 3 | . . 3 Grunt 10 | . 10 . Best Kill Streak 5 | 5 5 3 Combat Bots Only 4 | . 4 3 Max Kills in Single Turn 1 | 1 1 1 Gunslinging . | . . . Exploded . | . . . Melee . | . . . Uniques/NPCs Destroyed . | . . . Combat | -11 -10 -10 -------- Run | Yrd Mat Sub Hostile Shots Fired 112 | . 81 31 Missed 28 | . 20 8 Hits 84 | . 61 23 Projectile 84 | . 61 23 Damage Taken 1094 | . 756 338 Core 255 | . 195 60 Absorbed by Shields . | . . . Core Remaining (%) 100 | 100 . . Volleys Fired 96 | 19 63 14 Largest 2 | 2 2 2 Hottest 125 | 40 125 93 Shots Fired 183 | 38 125 20 Gun 140 | 38 102 . Cannon 43 | . 23 20 Launcher . | . . . Special . | . . . Kinetic 128 | 38 84 6 Thermal 55 | . 41 14 Explosive . | . . . Electromagnetic . | . . . Robot Hit Streak 12 | 6 12 11 Robot Miss Streak 5 | 3 5 2 Penetration Max . | . . . Secondary Targets 3 | . 3 . Max Gunslinging Chain 1 | . 1 . Shots Hit Robots 108 | 20 70 18 Core Hits 38 | 9 25 4 Critical Kills . | . . . Critical Parts Destroyed 2 | 1 1 . Critical Strikes 2 | 1 1 . Destroy 2 | 1 1 . Melee Attacks 3 | . 1 2 Impact . | . . . Slashing 2 | . 1 1 Piercing . | . . . Sneak Attacks 1 | . . 1 Combat Hostiles . | . . . Follow-up Attacks . | . . . Damage Inflicted 1534 | 254 949 331 Guns 1010 | 254 756 . Cannons 524 | . 193 331 Explosions . | . . . Melee . | . . . Ramming . | . . . Kinetic 1057 | 254 665 138 Thermal 477 | . 284 193 Explosive . | . . . Electromagnetic . | . . . Impact . | . . . Slashing . | . . . Piercing . | . . . Highest Corruption 1 | . 1 1 Average Corruption 1 | . 1 1 Corruption Purged . | . . . Corruption Blocked . | . . . Effects 9 | . 6 3 Message Errors 3 | . 1 2 Matter Fused 1 | . 1 . Heat Flow Errors 3 | . 2 1 Data Loss (major) 1 | . 1 . Misfires 1 | . 1 . Overload Shots . | . . . Overflow Damage . | . . . Projectiles . | . . . Explosions . | . . . Melee . | . . . Knockbacks 4 | . . 4 Impact . | . . . Kinetic 4 | . . 4 Secondary . | . . . Self-Inflicted Damage . | . . . Shots . | . . . Rammed . | . . . Targets Rammed . | . . . Kicked . | . . . Crushed . | . . . Highest Temperature 321 | . 321 135 Average Temperature 101 | . 102 79 Received Heat Transfer 486 | . 414 72 Effects 3 | . 3 . Interference 3 | . 3 . Siege Activations . | . . . Martial Activations . | . . . Shielding Activations . | . . . Robots Disrupted . | . . . Combat Hostiles . | . . . Robots Corrupted . | . . . Combat Hostiles . | . . . Parts Fried . | . . . Impact Corruptions . | . . . Robots Melted . | . . . Combat Hostiles . | . . . Parts Melted . | . . . Heat Transferred 1036 | . 629 407 Parts Sabotaged . | . . . Parts Stolen . | . . . Parts Stripped . | . . . Power Chain Reactions . | . . . Alert | -11 -10 -10 ------- Run | Yrd Mat Sub Maximum Alert Level . | . . . Low Security (%) 100 | 100 100 . Level 1 . | . . . Level 2 . | . . . Level 3 . | . . . Level 4 . | . . . Level 5 . | . . . High Security . | . . . Max Security . | . . . Peak Influence 77 | 10 77 . Initial . | . . . Average 11 | 2 12 . Influence Increases 377 | 40 277 60 Destroy 0b10 Robot/C 260 | . 200 60 Destroy 0b10 Robot/NC 65 | 40 25 . Destroy Leader 52 | . 52 . Influence Decreases 371 | 40 277 54 Time Decay 321 | 40 237 44 Lost Part 50 | . 40 10 Squads Dispatched 3 | . 3 . Investigation 2 | . 2 . Extermination . | . . . Reinforcement 1 | . 1 . Assault . | . . . Garrison . | . . . Intercept . | . . . Searches Triggered . | . . . Construction Impeded . | . . . Haulers Reinforced . | . . . Active Scanning Responses . | . . . Cargo Convoy Interrupts . | . . . Stealth | -11 -10 -10 --------- Run | Yrd Mat Sub Distress Signals 3 | . 3 . Communications Jammed . | . . . Distress Signals . | . . . Times Spotted 15 | . 11 4 Peak Tracking Total 5 | . 5 3 Tactical Retreats . | . . . Traps | -11 -10 -10 ------- Run | Yrd Mat Sub Traps Triggered . | . . . Indirectly . | . . . Trap Hack Attempts . | . . . Triggered . | . . . Disarmed . | . . . Reprogrammed . | . . . Reused . | . . . Traps Extracted . | . . . Installed . | . . . Triggered . | . . . Machines | -11 -10 -10 ---------- Run | Yrd Mat Sub Machines Disabled . | . . . Max in Single Turn . | . . . Machines Repaired . | . . . Machines Dismantled . | . . . Machines Sabotaged . | . . . Overloaded Fab Kills . | . . . Hacking | -11 -10 -10 --------- Run | Yrd Mat Sub Machines Accessed 4 | . 4 . Terminals 3 | . 3 . Fabricators . | . . . Repair Stations . | . . . Recycling Units 1 | . 1 . Scanalyzers . | . . . Garrison Access . | . . . Total Hacks 14 | . 14 . Successful 6 | . 6 . Failed 8 | . 8 . Catastrophic . | . . . Database Lockouts . | . . . Manual 56 | . 56 . Terminals 11 | . 11 . Fabricators . | . . . Repair Stations . | . . . Recycling Units 3 | . 3 . Scanalyzers . | . . . Garrison Access . | . . . Terminal Hacks . | . . . Fabricator Hacks . | . . . Repair Station Hacks . | . . . Recycling Unit Hacks 1 | . 1 . Report Inventory 1 | . 1 . Scanalyzer . | . . . Garrison Access Hacks . | . . . Unauthorized Hacks 5 | . 5 . Terminals 5 | . 5 . Track 2 | . 2 . Botnet 2 | . 2 . Operators 1 | . 1 . Fabricators . | . . . Repair Stations . | . . . Recycling Units . | . . . Scanalyzers . | . . . Garrison Access . | . . . Data Cores Recovered 1 | . 1 . Used . | . . . Hacking Detections 4 | . 4 . Full Trace Events 4 | . 4 . Feedback Events 1 | . 1 . Corruption 1 | . 1 . Feedback Blocked . | . . . Robot Schematics Acquired . | . . . Robots Built . | . . . Authchips . | . . . Time . | . . . Total Robot Build Rating . | . . . Part Schematics Acquired . | . . . Parts Built . | . . . Authchips . | . . . Time . | . . . Total Part Build Rating . | . . . Part Studies Acquired . | . . . Parts Repaired . | . . . Time . | . . . Parts Recycled . | . . . Recycled Matter . | . . . Retrieved Matter . | . . . Retrieved Components . | . . . Parts Scanalyzed . | . . . Part Schematics Acquired . | . . . Parts Damaged . | . . . Bothacking | -11 -10 -10 ------------ Run | Yrd Mat Sub Used RIF Installer . | . . . Robots Hacked 1 | . . 1 Non-combat 1 | . . 1 Combat . | . . . Robot Hacks Applied 1 | . . 1 parse_system 1 | . . 1 Relay Couplers Released . | . . . Fabnet Peak Effective % . | . . . Robots Rewired . | . . . Allies Hacked . | . . . Hacks Repelled . | . . . Allies | -11 -10 -10 -------- Run | Yrd Mat Sub Total Allies . | . . . Largest Group . | . . . Highest-Rated Group . | . . . Highest-Rated Ally . | . . . Total Orders . | . . . Ally Attacks . | . . . Total Damage . | . . . Kills . | . . . Allies Corrupted . | . . . Allies Melted . | . . . X0-1V1 Amusement Gains 8 | . 8 . Bad Acts 1 | . . 1 Intel | -11 -10 -10 ------- Run | Yrd Mat Sub Active Infowar (turns) 1073 | . 1073 . Optics 1073 | . 1073 . Robot Analysis Total . | . . . Derelict Logs Recovered . | . . . Drone Launches . | . . . Drone Recoveries . | . . . Exploration | -11 -10 -10 ------------- Run | Yrd Mat Sub Turns Passed 1938 | 205 1292 441 Spaces Moved 837 | 129 572 136 Core 5 | 5 . . Treads . | . . . Legs 201 | . 201 . Wheels 257 | 124 133 . Hover 170 | . 166 4 Flight 204 | . 72 132 Fastest Speed 50 | 50 100 176 Average Speed 180 | 98 176 274 Slowest Speed 600 | 100 600 277 Overloaded Moves . | . . . Propulsion Burnouts . | . . . Robots Hopped . | . . . Potential Cave-ins . | . . . Cave-ins Triggered . | . . . Exploration Rate (%) 26 | 6 55 17 Regions Visited 2 Branch Regions 1 Pre-discovered Areas . | . . . Known Exits Taken . | . . . Unknown Exits Taken 2 | 1 1 . Scrap Searched . | . . . Spaces Dug . | . . . Terrain Destroyed . | . . . Melee . | . . . Projectile . | . . . AOE . | . . . Terrain Rammed . | . . . Walls Destroyed . | . . . Machines Disabled . | . . . Actions | -11 -10 -10 --------- Run | Yrd Mat Sub Total 1084 | 169 735 180 Wait 40 | . 21 19 Move 835 | 128 571 136 Hop . | . . . Pick Up 50 | 13 35 2 Fast Attach 3 | . 3 . Attach 14 | 7 7 . Detach 1 | . 1 . Swap 17 | 1 10 6 Drop 25 | 1 23 1 Fire 96 | 19 63 14 Melee 3 | . 1 2 Ram . | . . . Kick . | . . . Crush . | . . . Escape Stasis . | . . . Rewire . | . . . Trap . | . . . Miscellaneous . | . . . Route ------- -11/Scrapyard -10/Materials (discovered 3 exits: [*Mat] / *Min / [*Sub]) -10/Subcaves History --------- Turn | Location | Event 23 | -11/Scrapyard | Discovered new exit (range 15) 206 | -11/Scrapyard | Entered Materials 284 | -10/Materials | Discovered new exit (range 6) 312 | -10/Materials | Build established: Mutant 326 | -10/Materials | Identified exit to Mines 439 | -10/Materials | Core integrity fell below 50% 480 | -10/Materials | Lost 3 parts (1p2n) 751 | -10/Materials | Build established: Scavenger-Mutant 806 | -10/Materials | Derelicts attacked the area 1045 | -10/Materials | Discovered new exit (range 4) 1250 | -10/Materials | Discovered new exit (range 18) 1471 | -10/Materials | Prayed at D.C.S.S. Altar Unit 1498 | -10/Materials | Entered Subcaves 1651 | -10/Subcaves | Shifting Twisted Machinery released Sub. Power Source 1838 | -10/Subcaves | X0-1V1 sent hostile S-10 Pest (x3) 1842 | -10/Subcaves | Core integrity fell below 20% 1939 | -10/Subcaves | Destroyed by I8-KR3(R) with Subdweller Beam Cannon Last Messages --------------- 01855_ S-10 Pest destroyed. 01861_ Subatomizers dissect the Flight Unit. 01862_ Flight Unit fries itself beyond repair. 01866_ Lgt. Assault Rifle fries itself beyond repair. 01899_ Dropped Flight Unit. 01899_ Acquired Battle Cannon. 01908_ I8-KR3(R): "OHNO!" 01912_ Subatomizers dissect the Flight Unit. 01925_ I8-KR3(R) knocked back. 01929_ Hover Unit destroyed. 01930_ System corrupted: Heat flow error (+141). 01931_ I8-KR3(R) knocked back. 01937_ Subatomizers dissect the Flight Unit, destroying it. 01937_ Destroyed Scrap Shield. 01937_ I8-KR3(R) knocked back. 01939_ X0-1V1 bursts into laughter! Map ----- +----------------------------------------------------+ | ?????????????????????????????????????????????????? | | ?????????????????????????????????????????????????? | | ?????????????????????????????????????????????????? | | ?????????????????????????????????????????????????? | | ?????????????????????????????????????????????????? | | ?????????????????????????????????????????????????? | | ?????????????????????????????????????????????????? | | ?????????????????????????????????????????????????? | | ?????????????????????????????????????????????????? | | ?????????????????????????????????????????????????? | | ?????????????????????????????????????????????????? | | ?????????????????????????????????????????????????? | | ?????????????????????????????????????????????????? | | ?????????????????????????????????????????????????? | | ?????????????????????????????????????????????????? | | ?????????????????????????????????????????????????? | | ???????????????????????######????????????????????? | | ??????????????????????## # #####????????????????? | | ??????????????????????# ??????? ?????????? | | ??????????????????????? % ???????? ?????????? | | ???????????????????????? ????????? ????? ?? | | ????????????????????????? ###??????? ????? ?? | | ?????????????????????????# ##?????? ???? ??? | | ?????????????????????###?# #?????? ??## ???? | | ?????????????????????# ## #??????? ## ???? | | ?????????????????????# @ #???????# ????? | | ?????????????????????## ##??????# ?????? | | ??????????????????????## #####??# ??????? | | ???????????????????????## ##?# ???????? | | ??????????????????????##; ### ##??????? | | ??????????????????# ### % ## #??????? | | ?????????# ### % %R % #???????? | | ?????????# % # ######??# | | ?????????# ## # # # | | ??????????# % ###### | | ??????????# ##????## | | ??????????### ## #?????# # # # | | ????????????## ??# ????## ######??# | | ?????????????##???# #????# ##??????? | | ??????????????????## ### ## ##????# ####???? | | ???????????????????##??##########?????## ##??? | | ??????????????????????????????????????## #??? | | ?????????????????????????????????????## #??? | | ?????????????????????????????????????# ##?? | | ????????????????????????????????????# ##### ### | | ???????????????????????????????????# #????# "%" | | ??????????????????????????????????# ?????#" " | | ??????????????????????????????????#### ?????# " " | | ?????????????????????????????????????# ???### " | | ?????????????????????????????????????# ???# | +----------------------------------------------------+ Best States ------------- Heat Dissipation 25 Energy Generation 14 Energy Capacity 250 Matter Stores 300 Matter Capacity 300 Sight Range 18 Terrain Scan Density 10 Evasion (%) 40 Item Schematics ----------------- None Robot Schematics ------------------ None Fabricated ------------ Nothing Repaired ---------- Nothing Studied --------- None Alien Tech Used ----------------- None Achievements -------------- Chaos Is Inevitable Challenges ------------ None Game ------ Seed RemoteWeldingPulseblaster Manual? 0 Play Time 00:29:58 Cumulative 77.8 hours Start 2026.08.11 @ 22:02:06 End 2026.08.11 @ 22:37:21 Sessions 1 Manual Loads 0 Difficulty Rogue Special Mode None Game No. 136 Rogue 136 Adventurer 0 Explorer 0 Win Type - Total 0 Types 0/0/0/0/0/0/0/0/0/0 Lore% 24 Gallery% 33 Achievement% 27 Wizard Run 0 Options --------- Layout 1 ASCII 0 Keyboard 0 Movement Mouse Keybinds 0 Fullscreen 1 Font 24/Smallcaps Map View 50x35 Zoom Use 0% Tactical HUD 1 Map Filters NONE Filters NONE Steam 1 RUN: e9e1ed6f-cd08-4317-84a3-12b102c68304